Map: Submarine LE

Players

Hurricane

  • Race: Protoss Protoss
  • Spawn Location: 11:00

ByuN - Winner!

  • Race: Terran Terran
  • Spawn Location: 5:00

Event: IEM Katowice 2021

VOD

Have the link to the VOD?

Description

Time

  • Played on: Feb. 21, 2021, 8:16 a.m.
  • Length: 13:38

All games in this series

Show
View Real Time Build Order
Export as new Build Order

Hurricane Protoss 

Build Orders: 1 Gate Expand, Blink Stalkers 

Get SALT Encoding   

  12  0:09  Pylon  
  12  0:12  Probe  
  13  0:25  Probe (Chrono Boost)  
  14  0:29  Gateway  
  14  0:37  Probe (Chrono Boost)  
  14  0:41  Assimilator  
  15  0:44  Probe (Chrono Boost)  
  16  0:51  Probe  
  17  1:03  Probe  
  18  1:15  Probe  
  18  1:17  Cybernetics Core  
  19  1:27  Probe  
  20  1:33  Nexus  
  20  1:39  Pylon  
  20  1:42  Probe  
  21  1:51  Assimilator, Adept (Chrono Boost)  
  23  1:57  Probe  
  23  1:59  Warp Gate  
  24  2:09  Probe  
  24  2:11  Stalker (Chrono Boost)  
  27  2:21  Probe  
  28  2:33  Stalker, Probe  
  31  2:46  Probe (Chrono Boost)  
  31  2:48  Probe (Chrono Boost)  
  33  2:58  Twilight Council  
  32  3:00  Probe (Chrono Boost)  
  32  3:03  Probe (Chrono Boost)  
  33  3:07  Probe (Chrono Boost)  
  33  3:10  Probe (Chrono Boost)  
  33  3:11  Robotics Facility  
  35  3:15  Probe  
  36  3:22  Probe  
  36  3:27  Probe  
  38  3:29  Blink (Chrono Boost)  
  38  3:32  Gateway  
  38  3:35  Gateway  
  38  3:36  Probe  
  39  3:41  Probe  
  40  3:48  Probe  
  40  3:49  Gateway  
  40  3:52  Stalker  
  40  3:53  Probe  
  44  3:56  Pylon  
  44  3:59  Observer (Chrono Boost)  
  44  4:02  Assimilator, Probe  
  46  4:07  Pylon  
  46  4:12  Warp Prism (Chrono Boost)  
  46  4:15  Probe  
  49  4:17  Probe  
  49  4:21  Stalker  
  52  4:27  Probe  
  52  4:30  Pylon  
  53  4:34  Stalker  
  53  4:35  Stalker  
  53  4:37  Probe  
  58  4:40  Probe  
  59  4:47  Stalker  
  59  4:51  Pylon, Stalker  
  63  4:55  Probe x2  
  63  4:58  Observer  
  63  4:59  Observer  
  66  5:07  Assimilator  
  66  5:09  Pylon  
  66  5:10  Stalker x2  
  66  5:12  Stalker  
  72  5:16  Stalker  
  74  5:25  Probe  
  74  5:26  Observer  
  74  5:27  Pylon  
  76  5:37  Stalker x2  
  76  5:38  Stalker  
  76  5:40  Stalker  
  84  5:46  Probe x2  
  84  5:47  Observer  
  86  5:54  Robotics Bay  
  82  6:08  Probe x2  
  82  6:10  Immortal (Chrono Boost)  
  80  6:15  Forge  
  84  6:21  Charge  
  84  6:23  Nexus  
  84  6:24  Observer  
  84  6:27  Probe x2  
  84  6:29  Pylon  
  86  6:38  Colossus (Chrono Boost), Sentry  
  88  6:41  Pylon  
  88  6:45  Pylon  
  94  6:57  Extended Thermal Lance (Chrono Boost)  
  94  6:58  Zealot x3  
  98  7:01  Gateway  
  98  7:11  Sentry  
  98  7:15  Gateway  
  100  7:16  Shield Battery  
  100  7:18  Observer  
  100  7:19  Zealot x2  
  100  7:22  Colossus (Chrono Boost)  
  110  7:30  Shield Battery  
  110  7:32  Pylon  
  110  7:36  Protoss Ground Weapons Level 1 (Chrono Boost)  
  106  7:44  Probe x2  
  104  7:56  Templar Archives  
  107  7:59  Gateway  
  107  8:00  Zealot x3  
  107  8:04  Gateway  
  110  8:09  Colossus (Chrono Boost), Shield Battery  
  116  8:28  Zealot x2  
  116  8:29  Zealot  
  116  8:33  Pylon  
  122  8:35  Zealot, Pylon, High Templar x2  
  122  8:39  Archon  
  125  8:42  Shield Battery  
  125  8:52  Zealot x3  
  125  8:53  Warp Prism (Chrono Boost)  
  122  9:05  Zealot x3  
  122  9:09  Zealot  
  106  9:16  Zealot x2, Sentry  
  106  9:17  Zealot  
  98  9:20  Probe x3  
  101  9:25  Observer (Chrono Boost)  
  101  9:27  Robotics Bay  
  102  9:34  Probe x2  
  104  9:38  Assimilator, Robotics Facility, Probe  
  104  9:39  Protoss Ground Weapons Level 2 (Chrono Boost), Assimilator  
  105  9:46  Probe, Observer  
  105  9:49  Zealot x2  
  110  9:53  Observer  
  110  9:54  Immortal (Chrono Boost), Observer  
  114  10:01  Probe x3  
  117  10:12  Zealot x3  
  123  10:21  Pylon  
  122  10:24  Disruptor (Chrono Boost)  
  125  10:29  Disruptor (Chrono Boost)  
  125  10:34  Zealot  
  130  10:36  Zealot x5  
  130  10:39  Gravitic Drive  
  130  10:40  Observer  
  140  10:50  High Templar x2  
  140  10:52  Pylon  
  140  10:53  Disruptor (Chrono Boost)  
  140  10:54  Observer  
  147  11:02  Zealot x3  
  147  11:03  Zealot x2  
  157  11:05  Archon, Disruptor (Chrono Boost)  
  159  11:24  Stalker x5  
  169  11:26  Disruptor  
  167  11:33  Disruptor  
  165  11:42  Stalker x2  
  165  11:47  Pylon  
  169  12:01  Zealot x2  
  151  12:20  Disruptor (Chrono Boost)  
  141  12:23  Pylon x2  
  141  12:25  Disruptor (Chrono Boost)  
  140  12:32  Nexus  
  129  12:45  Stalker x2  
  129  12:46  Stalker x4  
  141  12:52  Pylon  
  117  13:15  Stalker x5  
Show
View Real Time Build Order
Export as new Build Order

ByuN Terran - Winner!

Build Orders:  

Get SALT Encoding   

  12  0:00  SCV  
  13  0:12  SCV  
  14  0:17  Supply Depot  
  14  0:24  SCV  
  15  0:38  SCV  
  15  0:39  Barracks  
  16  0:43  Refinery  
  16  0:51  SCV  
  17  1:03  SCV  
  18  1:15  SCV  
  19  1:26  Marine  
  19  1:27  Orbital Command  
  20  1:41  Command Center  
  20  1:45  Barracks Reactor  
  20  1:52  SCV  
  21  1:57  Supply Depot  
  21  2:05  SCV  
  21  2:06  Barracks  
  22  2:11  Bunker  
  22  2:17  SCV  
  22  2:21  Marine x2  
  25  2:27  Engineering Bay  
  25  2:29  SCV  
  26  2:39  Marine x2  
  26  2:41  SCV  
  29  2:53  SCV, Orbital Command  
  29  2:56  Barracks Tech Lab  
  29  2:57  Marine x2  
  30  2:59  Terran Infantry Weapons Level 1  
  30  3:05  SCV  
  31  3:15  Marine x2  
  31  3:16  Marine  
  31  3:17  SCV  
  31  3:19  SCV  
  36  3:22  Refinery  
  36  3:29  SCV  
  36  3:31  Stimpack, SCV  
  36  3:33  Marine x2, Missile Turret  
  40  3:36  Marine  
  40  3:39  Supply Depot  
  41  3:46  SCV x2  
  43  3:52  Marine x2  
  43  3:54  Marine  
  43  3:55  Barracks  
  46  4:01  SCV x2  
  48  4:03  Supply Depot  
  48  4:12  Marine x3  
  48  4:13  SCV x2  
  53  4:25  SCV x2  
  53  4:30  Factory, Marine x3  
  58  4:33  Supply Depot  
  58  4:37  SCV x2  
  60  4:42  Barracks Tech Lab  
  60  4:44  Supply Depot  
  60  4:47  Marine x2, Refinery  
  62  4:54  SCV x2, Marine, Terran Infantry Armor Level 1  
  62  4:55  Supply Depot  
  62  4:56  Supply Depot  
  65  5:05  Marine x2  
  65  5:06  Marauder  
  68  5:08  SCV x2  
  68  5:12  Marauder  
  72  5:14  Factory Reactor, Starport  
  72  5:20  Supply Depot  
  72  5:25  SCV  
  72  5:26  SCV  
  72  5:27  Supply Depot  
  72  5:28  Marauder  
  76  5:34  Marauder  
  76  5:35  Bunker  
  78  5:38  SCV, Marine x2  
  81  5:44  Combat Shield  
  78  5:52  Marauder  
  78  5:54  Marine  
  78  5:56  Marine  
  81  5:58  Factory Tech Lab  
  81  6:01  SCV x2  
  72  6:07  Marine  
  72  6:08  Medivac  
  71  6:11  Medivac  
  71  6:13  Marauder x2  
  71  6:17  Supply Depot  
  79  6:20  SCV x2  
  79  6:24  Refinery  
  79  6:26  Marine x2  
  79  6:27  Concussive Shells  
  81  6:34  SCV x2  
  81  6:38  Siege Tank  
  84  6:42  Marauder  
  86  6:47  Supply Depot  
  85  6:56  Marauder, Marine x2  
  89  7:03  Marauder  
  90  7:09  Medivac  
  90  7:11  Siege Tank  
  90  7:15  Marine x2  
  97  7:16  Medivac  
  97  7:18  SCV x2, Command Center  
  97  7:30  SCV x2  
  97  7:32  Marauder x2  
  97  7:34  Marine x2  
  104  7:42  SCV x2  
  106  7:45  Siege Tank  
  109  7:51  Marine  
  109  7:52  Marine  
  109  7:53  Supply Depot  
  109  7:54  Marauder x2, SCV  
  117  8:04  Medivac  
  117  8:05  Medivac  
  120  8:07  Barracks  
  120  8:08  Barracks  
  120  8:12  Marine  
  121  8:13  Marine  
  121  8:15  Marauder x2  
  126  8:25  Siege Tank  
  126  8:26  SCV x2  
  131  8:35  Marine x2  
  131  8:36  Marauder x2  
  131  8:38  SCV  
  131  8:39  Orbital Command  
  137  8:44  Viking  
  137  8:46  Viking  
  138  9:06  Marauder x2  
  138  9:07  Orbital Command  
  112  9:18  Barracks Reactor, Barracks Tech Lab  
  112  9:19  Armory  
  112  9:20  Engineering Bay  
  112  9:21  Marine x2  
  112  9:22  Siege Tank  
  112  9:23  SCV x2  
  117  9:28  Marauder x2  
  121  9:33  Sensor Tower  
  121  9:34  Ghost Academy  
  121  9:46  Refinery x2  
  121  9:47  Viking  
  123  9:54  Missile Turret  
  123  9:56  SCV x3  
  123  9:59  Marine x4  
  130  10:06  Supply Depot  
  130  10:10  Enhanced Shockwaves  
  130  10:12  Missile Turret  
  130  10:14  Ghost x2  
  130  10:20  Supply Depot  
  88  10:21  Supply Depot, Viking x2  
  134  10:26  Marine x4  
  144  10:29  SCV x2  
  144  10:30  SCV  
  145  10:44  Ghost  
  145  10:45  Command Center  
  145  10:47  Marauder x2, Marine x3  
  145  10:48  Marine  
  153  10:54  Viking  
  153  10:56  Supply Depot  
  155  10:57  Supply Depot, Viking  
  157  11:05  Siege Tank  
  157  11:06  Marine  
  157  11:07  Marine x3  
  157  11:08  Marauder  
  157  11:11  Marauder  
  168  11:14  Marauder  
  170  11:19  Terran Infantry Armor Level 2  
  170  11:21  Terran Infantry Weapons Level 2  
  170  11:24  Marine  
  170  11:35  Ghost  
  170  11:36  Ghost x2  
  170  11:37  Marine x2  
  170  11:38  Marine  
  175  12:01  Marine  
  175  12:02  Marine x3  
  175  12:05  Marauder x3  
  162  12:17  SCV x3  
  162  12:19  Marine x3  
  162  12:20  Marine  
  155  12:26  Marauder x3  
  155  12:29  SCV x3  
  156  12:41  SCV x3  
  158  12:48  Marauder x2, Marine x4  
  163  13:02  Marauder  
  163  13:04  SCV x2  
  160  13:06  Marine x2  
  160  13:09  Marauder  

Tags
 
Add a new tag
Caveats
  • Supply blocks, unpowered buildings, or Contaminate may cause inaccurate times.
  • Supply counts are checked every 10 seconds.